 Dungeon Crawl Stone Soup version 0.30.1-9-gdf580d7c3d (webtiles) character file.

Game seed: 4419908473248008829

18 monsoonserge the Grasshopper (level 2, 0/22 HPs)
             Began as a Demonspawn Warper on Oct 26, 2023.
             Slain by a gnoll
             ... wielding a +0 spear
              (7 damage)
             ... on level 2 of the Dungeon.
             The game lasted 00:00:43 (190 turns).

monsoonserge the Grasshopper (Demonspawn Warper)     Turns: 190, Time: 00:00:44

Health: 0/22       AC:  3    Str: 11    XL:     2   Next: 48%
Magic:  5/5        EV: 11    Int: 14    God:
Gold:   0          SH:  0    Dex: 12    Spells: 5/5 levels left

rFire   . . .        a - +0 falchion
rCold   . . .        (no shield)
rNeg    . . .        b - +0 leather armour
rPois   .            (no helmet)
rElec   .            (no cloak)
rCorr   .            (no gloves)
SInv    .            (no boots)
Will    .....        (no amulet)
Stlth   +            (no ring)
HPRegen 0.23/turn    (no ring)
MPRegen 0.18/turn

%: no passive effects
@: no status effects
A: magic regeneration
a: no special abilities


You were on level 2 of the Dungeon.
You visited 1 branch of the dungeon, and saw 2 of its levels.

Inventory:

Hand Weapons
 a - a +0 falchion (weapon)
Missiles
 d - 7 boomerangs of dispersal (quivered)
Armour
 b - a +0 leather armour (worn)
Scrolls
 c - a scroll of blinking
Potions
 e - a potion of flight {unknown}
 f - a potion of curing {unknown}


   Skills:
 + Level 2.1 Fighting
 + Level 1.9 Long Blades
 + Level 0.8 Throwing
 + Level 1.0 Armour
 + Level 1.8 Dodging
 + Level 2.3 Spellcasting
 + Level 3.0 Translocations


You had 5 spell levels left.
You didn't know any spells.
Your spell library contained the following spells:

 Spells                   Type           Power      Damage    Failure   Level
 Blink                    Tloc           20%        N/A       13%         2
 Lesser Beckoning         Tloc           20%        N/A       13%         2
 Teleport Other           Tloc           10%        N/A       26%         3
 Vhi's Electric Charge    Tloc/Air       10%        N/A       43%         3
 Manifold Assault         Tloc           10%        N/A       65%         4


Dungeon Overview and Level Annotations

Branches:
Dungeon (2/15)

Altars:


Innate Abilities, Weirdness & Mutations

You regenerate magic rapidly.


Message History

The jackal bites you.
You closely miss the jackal. The jackal misses you.
The jackal closely misses you.
You hit the jackal but do no damage. The jackal bites you.
You barely miss the jackal. The jackal closely misses you. x2
You completely miss the jackal. The jackal barely misses you.
The jackal bites you.
You hit the jackal.
The jackal is severely wounded.
The jackal closely misses you.
You barely miss the jackal.
The jackal is severely wounded.
The jackal completely misses you. The jackal closely misses you.
You hit the jackal but do no damage.
The jackal is severely wounded.
The jackal bites you. The jackal closely misses you.
You closely miss the jackal.
The jackal is severely wounded.
The jackal bites you.
* * * LOW HITPOINT WARNING * * *
The jackal bites you but does no damage.
You hit the jackal.
You kill the jackal!
You start resting.
An endoplasm comes into view.
An endoplasm is nearby!
The endoplasm quivers.
You hit the endoplasm.
You kill the endoplasm!
A gnoll comes into view. It is wielding a +0 spear.
The gnoll shouts!
You hear a shout! x2
Found a scroll labelled SETEMN INALA.
The gnoll hits you with a +0 spear.
You hit the gnoll.
The gnoll is heavily wounded.
The gnoll hits you with a +0 spear.
You hit the gnoll.
The gnoll is heavily wounded.
The gnoll hits you with a +0 spear. The gnoll hits you with a +0 spear!
You die...

#. #.....
.###....#
... .......#
?.. ......#
.. # .....
.. #.#...#
.# #..†..#
.#
#.<#######$#
#......g@..#
#.##########
... ###. #.
##


You could see a gnoll.

Vanquished Creatures
  2 dart slugs (D:1)
  A bat (D:1)
  An endoplasm (D:2)
  A giant cockroach (D:1)
  A hobgoblin (D:1)
  2 jackals (D:2)
  A quokka (D:1)
  3 frilled lizards (D:1)
  A rat (D:1)
13 creatures vanquished.

Notes
Turn   | Place    | Note
-------+----------+-------------------------------------------
     0 | D:1      | monsoonserge the Demonspawn Warper began the quest for the
                  | Orb.
     0 | D:1      | Reached XP level 1. HP: 16/16 MP: 3/3
    82 | D:1      | Gained mutation: You regenerate magic rapidly. [demonic
                  | ancestry]
    82 | D:1      | Reached XP level 2. HP: 21/22 MP: 5/5
    95 | D:1      | Reached skill level 1 in Armour
   122 | D:2      | Reached skill level 3 in Translocations
   190 | D:2      | Slain by a gnoll

Illustrated notes

Levels and vault maps discovered:
D:1:      tarquinn_simple_flora_water_f, layout_rooms, serial_shops,
          nicolae_shop_pleasant_corner_grove
D:2:      layout_loops_cross, dreamdust_ecumenical_altar_angels_and_demons,
          minmay_tetromino_l2

Skill      XL: |  1  2 |
---------------+-------+-----
Armour         | 1 |  1.0
Translocations | 3 |  3.0
Fighting       | |  2.1
Long Blades    | |  1.9
Throwing       | |  0.8
Dodging        | |  1.8
Spellcasting   | |  2.3

Action                     || total
---------------------------++-------
  Melee: Falchion          ||    49
 Armour: Leather armour    ||    25
  Dodge: Dodged            ||    42
